Map: Vaani Research Station (Void)

Players

PSiArc

  • Race: Terran Terran
  • League: Master
  • Spawn Location: 12:00

Cham - Winner!

  • Race: Zerg Zerg
  • Spawn Location: 6:00

Event: WESG 2016 Finals

VOD

Have the link to the VOD?

Description

Time

  • Played on: Jan. 12, 2017, 11:56 p.m.
  • Length: 11:03

All games in this series

Show
View Real Time Build Order
Export as new Build Order

PSiArc Terran 

Build Orders: Reaper Expand, MMM Bio 

Get SALT Encoding   

  12  0:00  SCV  
  13  0:12  SCV  
  14  0:17  Supply Depot  
  14  0:24  SCV  
  15  0:39  SCV  
  15  0:41  Barracks  
  16  0:45  Refinery  
  16  0:51  SCV  
  17  1:03  SCV  
  18  1:15  SCV  
  19  1:28  Orbital Command, Reaper  
  20  1:43  Command Center  
  20  1:54  SCV  
  20  1:57  Barracks  
  20  2:00  Barracks Reactor  
  21  2:07  Supply Depot  
  21  2:10  SCV  
  22  2:17  Refinery  
  22  2:23  SCV  
  22  2:28  Factory  
  23  2:35  SCV  
  24  2:43  Marine  
  24  2:44  Marine, Barracks Tech Lab  
  26  2:47  SCV  
  27  2:57  Orbital Command  
  27  3:01  Marine, SCV  
  27  3:03  Stimpack  
  29  3:13  Marine, SCV  
  29  3:16  Marine  
  32  3:21  Starport  
  32  3:24  SCV  
  32  3:25  SCV  
  34  3:27  Factory Reactor  
  34  3:28  Marine  
  34  3:31  Marine  
  34  3:34  Marine  
  37  3:37  SCV  
  37  3:38  SCV  
  39  3:46  Marine, Supply Depot  
  40  3:50  SCV  
  40  3:51  SCV  
  40  3:52  Marine  
  43  3:59  Supply Depot  
  43  4:02  SCV  
  44  4:03  SCV  
  44  4:04  Marine  
  44  4:07  Marine  
  47  4:10  Marine  
  47  4:12  Medivac x2  
  47  4:14  SCV  
  53  4:18  SCV  
  53  4:22  Marine, Engineering Bay  
  55  4:25  Engineering Bay  
  55  4:26  SCV  
  55  4:29  Marine x2  
  58  4:32  SCV  
  59  4:39  SCV  
  59  4:40  Marine  
  59  4:43  Supply Depot  
  59  4:44  SCV, Supply Depot  
  62  4:55  Terran Infantry Armor Level 1, Terran Infantry Weapons Level 1  
  62  5:04  Marine x2  
  62  5:05  SCV  
  65  5:07  Command Center  
  65  5:08  Combat Shields  
  65  5:15  SCV  
  65  5:20  Marine  
  67  5:21  SCV  
  67  5:22  Marine  
  67  5:23  Marine  
  67  5:28  Medivac  
  72  5:29  SCV, Factory Reactor  
  72  5:31  Supply Depot  
  73  5:36  Refinery x2  
  73  5:41  SCV  
  73  5:42  Marine x2  
  75  5:44  Marine  
  75  5:47  SCV  
  77  5:59  Barracks  
  77  6:00  Marine x2, Barracks  
  77  6:01  Marine  
  77  6:02  SCV  
  81  6:12  SCV  
  81  6:13  Barracks  
  81  6:15  Armory  
  81  6:18  Marine  
  83  6:19  SCV, Orbital Command  
  83  6:24  SCV  
  85  6:29  Marine  
  85  6:30  Marine, Widow Mine x2  
  85  6:31  SCV  
  92  6:41  Supply Depot  
  92  6:42  Supply Depot  
  92  6:45  Orbital Command  
  90  6:52  SCV x2  
  92  6:57  Marine x2  
  92  6:58  Barracks Reactor x2  
  92  6:59  Widow Mine  
  92  7:00  Marine, Widow Mine  
  99  7:01  Medivac  
  99  7:02  Medivac  
  99  7:03  Terran Infantry Weapons Level 2  
  99  7:04  SCV, Terran Infantry Armor Level 2  
  104  7:15  Marine x2  
  104  7:16  SCV x2  
  104  7:18  SCV  
  104  7:21  Barracks Reactor  
  104  7:22  Marine, Supply Depot x2  
  109  7:27  Terran Ship Weapons Level 1  
  109  7:28  SCV, Missile Turret  
  111  7:30  Missile Turret  
  111  7:32  Widow Mine  
  111  7:33  Marine x2  
  115  7:39  Marine  
  115  7:40  Marine x2  
  115  7:43  Marine, Widow Mine  
  120  7:46  Supply Depot  
  120  7:47  Supply Depot  
  120  7:51  Marine  
  120  7:57  Marine x3  
  120  7:58  Marine  
  106  7:59  Marine x2  
  106  8:00  Marine  
  106  8:01  Marauder  
  108  8:08  Marine  
  108  8:11  SCV  
  108  8:12  SCV  
  103  8:14  SCV  
  103  8:15  Marine x3  
  107  8:21  Marine x2  
  107  8:22  Marine x2  
  107  8:23  Marauder  
  107  8:24  SCV  
  107  8:25  Widow Mine  
  107  8:26  Marine  
  112  8:33  Marine x3  
  113  8:38  SCV x2  
  113  8:39  Marine x2, SCV  
  118  8:42  Supply Depot  
  118  8:44  Marauder  
  120  8:49  Marine x3  
  120  8:50  SCV  
  120  8:51  SCV  
  125  8:59  Barracks x2  
  125  9:05  Marauder  
  125  9:07  Marine, Liberator x2  
  125  9:09  Barracks  
  128  9:10  Supply Depot  
  127  9:21  Marine x3  
  127  9:22  Marine, Widow Mine x2  
  135  9:27  Marauder  
  143  9:31  Marine  
  143  9:32  Marine  
  143  9:33  Marine x2  
  143  9:36  Supply Depot  
  147  9:48  Marauder  
  147  9:50  Marine x2  
  147  9:51  Marine x2, Barracks Tech Lab x2  
  153  9:57  Marine x2  
  153  9:58  Barracks Tech Lab, Marine x2  
  157  10:08  Marine x2  
  157  10:10  Marauder  
  150  10:15  Command Center  
  118  10:25  Marine x3  
  118  10:27  Marine x4  
  106  10:31  Marine x4  
  106  10:32  Marauder  
  108  10:43  Marine x3  
Show
View Real Time Build Order
Export as new Build Order

Cham Zerg - Winner!

Build Orders: Hatch First 

Get SALT Encoding   

  12  0:00  Drone  
  13  0:09  Drone  
  14  0:18  Overlord  
  14  0:36  Drone x3  
  17  0:52  Hatchery  
  17  0:55  Drone  
  17  0:59  Drone  
  18  1:06  Extractor  
  17  1:15  Spawning Pool  
  17  1:17  Drone  
  17  1:21  Drone  
  18  1:33  Drone  
  19  1:42  Overlord  
  19  2:01  Queen  
  19  2:02  Zergling x4  
  19  2:04  Queen  
  19  2:05  Zergling x2  
  26  2:09  Metabolic Boost  
  26  2:14  Drone  
  27  2:16  Drone  
  28  2:24  Drone  
  28  2:27  Drone  
  30  2:41  Overlord  
  29  2:45  Drone x2  
  29  2:49  Queen x2  
  35  2:59  Overlord  
  35  3:00  Drone x2  
  37  3:07  Drone  
  37  3:10  Drone  
  39  3:18  Drone x2  
  39  3:19  Drone x2  
  44  3:20  Drone x2  
  44  3:21  Drone  
  44  3:22  Drone  
  47  3:32  Drone  
  48  3:38  Hatchery  
  47  3:45  Drone  
  47  3:46  Drone x2  
  50  3:53  Overlord  
  50  3:54  Drone  
  51  3:58  Evolution Chamber x2  
  51  4:01  Drone x2  
  51  4:04  Overlord  
  51  4:13  Drone x2  
  51  4:14  Queen x2  
  57  4:18  Overlord  
  57  4:20  Zergling x4  
  59  4:27  Zerg Ground Armor Level 1  
  59  4:29  Zergling x2  
  60  4:32  Zerg Melee Weapons Level 1  
  60  4:33  Zergling x6  
  60  4:36  Zergling x6  
  66  4:38  Zergling x2  
  66  4:42  Overlord  
  67  4:49  Zergling x2  
  67  4:51  Queen  
  70  4:55  Zergling x4  
  70  4:59  Overlord  
  72  5:03  Zergling x10  
  72  5:04  Drone  
  72  5:05  Drone x2  
  80  5:09  Queen  
  80  5:11  Queen  
  84  5:14  Drone  
  85  5:25  Overlord  
  85  5:26  Drone x3  
  86  5:34  Lair  
  86  5:35  Drone x2  
  88  5:39  Drone  
  88  5:41  Overlord  
  87  5:44  Spore Crawler, Extractor  
  87  5:45  Drone, Overlord  
  87  5:46  Drone x2  
  87  5:47  Drone x2  
  87  5:48  Drone  
  87  5:49  Drone x2  
  93  5:50  Spore Crawler  
  92  5:58  Overlord  
  92  6:01  Extractor x2  
  92  6:03  Overlord  
  90  6:04  Drone  
  90  6:05  Drone x2  
  90  6:09  Zergling x4  
  90  6:10  Hatchery, Zergling x2  
  95  6:12  Drone  
  95  6:14  Baneling Nest  
  95  6:15  Zergling x2  
  96  6:18  Drone  
  96  6:21  Drone, Overlord  
  96  6:22  Zergling x4  
  100  6:28  Zergling x4  
  102  6:33  Zergling x2  
  102  6:37  Queen  
  102  6:38  Zergling x8  
  109  6:41  Zerg Ground Armor Level 2  
  109  6:45  Zerg Melee Weapons Level 2  
  109  6:46  Zergling x4  
  111  6:49  Overlord  
  111  6:58  Zergling x10  
  116  7:02  Centrifical Hooks, Overlord  
  116  7:05  Drone  
  117  7:11  Hatchery, Zergling x12  
  117  7:12  Zergling x2  
  123  7:21  Baneling x2  
  123  7:22  Baneling x2, Overlord  
  123  7:27  Zergling x10  
  128  7:32  Baneling x5  
  128  7:33  Zergling x6  
  131  7:40  Overlord  
  131  7:43  Drone  
  132  7:46  Drone x4, Infestation Pit  
  132  7:49  Extractor  
  133  7:56  Zergling x18  
  132  8:00  Overseer  
  132  8:04  Zergling x6  
  135  8:12  Zergling x6  
  123  8:13  Zergling x12  
  123  8:18  Baneling x4  
  127  8:22  Drone x3  
  127  8:25  Drone  
  127  8:26  Drone x5  
  134  8:30  Baneling  
  134  8:31  Baneling x2, Zergling x2  
  134  8:32  Queen  
  131  8:35  Overlord  
  131  8:39  Hive  
  131  8:41  Zergling x6  
  134  8:43  Baneling x3  
  134  8:44  Baneling x2  
  134  8:46  Zergling x8  
  138  8:54  Baneling x2  
  138  8:55  Baneling, Overlord  
  138  8:59  Drone  
  138  9:00  Drone  
  138  9:01  Zergling x8  
  138  9:02  Baneling x2, Spore Crawler  
  143  9:06  Overseer  
  143  9:09  Zergling x22  
  154  9:10  Queen  
  155  9:23  Zergling x4  
  155  9:24  Zergling x16  
  165  9:26  Zergling x4  
  167  9:31  Extractor  
  167  9:36  Extractor  
  167  9:37  Zergling x10  
  167  9:38  Zergling x8  
  175  9:52  Drone  
  175  9:54  Ultralisk Cavern  
  175  9:57  Zergling x8  
  175  9:58  Zergling x8  
  182  10:01  Zergling x2  
  182  10:02  Zergling x2  
  177  10:19  Zergling x2  
  177  10:20  Zergling x38  
  173  10:30  Zergling x4  
  173  10:31  Baneling x6  
Tags
 
Add a new tag
Caveats
  • Supply blocks, unpowered buildings, or Contaminate may cause inaccurate times.
  • Supply counts are checked every 10 seconds.